EL
CORPUS CHRISTI HOOKS @ FRISCO ROUGHRIDERS
09/18/2049
 
TOP OF THE 1ST
Corpus Christi Hooks batting - Pitching for Frisco RoughRiders : RHP Tim Martin
Pitching: RHP Tim Martin
Batting: RHB Edgar Trejo 0-0: Bunt for hit to 2L - play at first, batter OUT! 2-3
Batting: RHB Lamar Thornton 0-0: SINGLE (Line Drive, 4D, EV 95.6 MPH)
Batting: RHB Chris Trites 0-0: Called Strike
0-1: Ball
1-1: Fly out, F6 (Popup, 6MD, EV 72.5 MPH)
Batting: RHB Duncan Collins 0-0: 2-RUN HOME RUN (Flyball, 89XD, EV 115.0 MPH), Distance : 438 ft
Batting: RHB Masaru Konno 0-0: Foul Ball, location: 2F
0-1: Called Strike
0-2: Foul Ball, location: 2F
0-2: Foul Ball, location: 2F
0-2: Ball
1-2: Strikes out swinging
Top of the 1st over - 2 runs, 2 hits, 0 errors, 0 left on base; Corpus Christi 2 - Frisco 0
BOTTOM OF THE 1ST
Frisco RoughRiders batting - Pitching for Corpus Christi Hooks : RHP Ricardo Acosta
Pitching: RHP Ricardo Acosta
Batting: LHB Yoshinari Nara 0-0: SOLO HOME RUN (Flyball, 9LD, EV 93.8 MPH), Distance : 338 ft
Batting: LHB Josh Stuck 0-0: Ball
1-0: Foul Ball, location: 2F
1-1: Foul Ball, location: 2F
1-2: Strikes out swinging
Batting: LHB Jim Pankratz 0-0: Ball
1-0: Fly out, F7 (Flyball, 78S, EV 76.2 MPH)
Batting: RHB Sean Neuroth 0-0: Ball
1-0: Fly out, F7 (Flyball, 78S, EV 85.0 MPH)
Bottom of the 1st over - 1 run, 1 hit, 0 errors, 0 left on base; Corpus Christi 2 - Frisco 1
TOP OF THE 2ND
Corpus Christi Hooks batting - Pitching for Frisco RoughRiders : RHP Tim Martin
Batting: RHB Jesus Malave 0-0: Ball
1-0: Called Strike
1-1: Swinging Strike
1-2: Strikes out swinging
Batting: RHB Alex Campos 0-0: Called Strike
0-1: Ball
1-1: Foul Ball, location: 2F
1-2: Ground out 6-3 (Groundball, 6S, EV 73.1 MPH)
Batting: RHB John Sabean 0-0: Ball
1-0: Ground out U3 (Groundball, 34S, EV 89.4 MPH)
Top of the 2nd over - 0 runs, 0 hits, 0 errors, 0 left on base; Corpus Christi 2 - Frisco 1
BOTTOM OF THE 2ND
Frisco RoughRiders batting - Pitching for Corpus Christi Hooks : RHP Ricardo Acosta
Batting: RHB Danny Weisse 0-0: Foul Ball, location: 2F
0-1: Ball
1-1: Swinging Strike
1-2: Ball
2-2: Ground out 6-3 (Groundball, 56, EV 80.6 MPH)
Batting: RHB Sergio Godinez 0-0: Swinging Strike
0-1: Ball
1-1: Called Strike
1-2: Strikes out looking
Batting: RHB Wally Cangro 0-0: SINGLE (Line Drive, 9LS, EV 96.9 MPH)
Batting: RHB Jordan Fairburn 0-0: Called Strike
0-1: Ball
Wally Cangro steals 2nd base
1-1: Called Strike
1-2: DOUBLE (Line Drive, 7LS, EV 97.5 MPH)
Wally Cangro scores
Batting: RHB Luis Arce 0-0: Swinging Strike
0-1: Called Strike
0-2: Fly out, F9 (Flyball, 9, EV 73.8 MPH)
Bottom of the 2nd over - 1 run, 2 hits, 0 errors, 1 left on base; Corpus Christi 2 - Frisco 2
TOP OF THE 3RD
Corpus Christi Hooks batting - Pitching for Frisco RoughRiders : RHP Tim Martin
Batting: RHB Dave Gallegos 0-0: Called Strike
0-1: Ball
1-1: Ground out 6-3 (Groundball, 6, EV 83.1 MPH)
Batting: RHB Edgar Trejo 0-0: Swinging Strike
0-1: Called Strike
0-2: Ball
1-2: Ball
2-2: SINGLE (Groundball, 56S, EV 63.8 MPH) (infield hit)
Batting: RHB Lamar Thornton 0-0: Called Strike
0-1: Fielders Choice at 2nd, 4-6 (Groundball, 34S, EV 80.6 MPH)
Batting: RHB Chris Trites 0-0: Foul Ball, location: 2F
0-1: Foul Ball, location: 2F
0-2: Foul Ball, location: 2F
0-2: SINGLE (Flyball, 34D, EV 96.2 MPH)
Lamar Thornton to second
Runner from 2nd tries for 3rd, SAFE, throw by RF made to third
Batting: RHB Duncan Collins 0-0: Foul Ball, location: 2F
0-1: Ball
1-1: Swinging Strike
1-2: Foul Ball, location: 2F
1-2: Foul Ball, location: 2F
1-2: DOUBLE (Flyball, 8LXD, EV 98.8 MPH)
Lamar Thornton scores
Chris Trites to third
Batting: RHB Masaru Konno 0-0: Swinging Strike
0-1: Ball
1-1: Fly out, F9 (Flyball, 9, EV 92.5 MPH)
Top of the 3rd over - 1 run, 3 hits, 0 errors, 2 left on base; Corpus Christi 3 - Frisco 2
BOTTOM OF THE 3RD
Frisco RoughRiders batting - Pitching for Corpus Christi Hooks : RHP Ricardo Acosta
Batting: LHB Yoshinari Nara 0-0: Ball
1-0: Foul Ball, location: 2F
1-1: Foul Ball, location: 2F
1-2: Ball
2-2: Fly out, F2 (Popup, 5SF, EV 85.0 MPH)
Batting: LHB Josh Stuck 0-0: Swinging Strike
0-1: Foul Ball, location: 2F
0-2: Ball
1-2: Ball
2-2: Ground out 1-3 (Groundball, P, EV 72.5 MPH)
Batting: LHB Jim Pankratz 0-0: Called Strike
0-1: Called Strike
0-2: Ground out 4-3 (Groundball, 4, EV 100.6 MPH)
Bottom of the 3rd over - 0 runs, 0 hits, 0 errors, 0 left on base; Corpus Christi 3 - Frisco 2
TOP OF THE 4TH
Corpus Christi Hooks batting - Pitching for Frisco RoughRiders : RHP Tim Martin
Batting: RHB Jesus Malave 0-0: Ball
1-0: Foul Ball, location: 2F
1-1: Swinging Strike
1-2: Ball
2-2: Strikes out swinging
Batting: RHB Alex Campos 0-0: Called Strike
0-1: Ball
1-1: Called Strike
1-2: Foul Ball, location: 2F
1-2: Ball
2-2: Foul Ball, location: 2F
2-2: Fly out, F8 (Line Drive, 8LD, EV 103.1 MPH)
Batting: RHB John Sabean 0-0: Called Strike
0-1: Foul Ball, location: 2F
0-2: Strikes out swinging
Top of the 4th over - 0 runs, 0 hits, 0 errors, 0 left on base; Corpus Christi 3 - Frisco 2
BOTTOM OF THE 4TH
Frisco RoughRiders batting - Pitching for Corpus Christi Hooks : RHP Ricardo Acosta
Batting: RHB Sean Neuroth 0-0: Swinging Strike
0-1: Ball
1-1: Ball
2-1: Fly out, F8 (Line Drive, 8RM, EV 102.5 MPH)
Batting: RHB Danny Weisse 0-0: SINGLE (Groundball, 56, EV 110.0 MPH) (infield hit)
Batting: RHB Sergio Godinez 0-0: Ball
1-0: Ball
Danny Weisse steals 2nd base
2-0: Foul Ball, location: 2F
2-1: SINGLE (Groundball, 3D, EV 95.0 MPH)
Danny Weisse to third
Runner from 3rd tries for Home, SAFE, throw by RF to home
Batting: RHB Wally Cangro 0-0: Called Strike
0-1: Ball
1-1: Ground out U3 (Groundball, 3S, EV 66.2 MPH)
Sergio Godinez to second
Batting: RHB Jordan Fairburn 0-0: Ball
1-0: Ball
2-0: Ball
3-0: Base on Balls
Batting: RHB Luis Arce 0-0: Ball
1-0: Foul Ball, location: 2F
1-1: Ball
2-1: Ball
3-1: Foul Ball, location: 2F
3-2: Base on Balls
Sergio Godinez to third
Jordan Fairburn to second
Batting: LHB Yoshinari Nara 0-0: Called Strike
0-1: Ball
1-1: Foul Ball, location: 2F
1-2: Ball
2-2: Fly out, F8 (Flyball, 8LD, EV 84.4 MPH)
Bottom of the 4th over - 1 run, 2 hits, 0 errors, 3 left on base; Corpus Christi 3 - Frisco 3
TOP OF THE 5TH
Corpus Christi Hooks batting - Pitching for Frisco RoughRiders : RHP Tim Martin
Batting: RHB Dave Gallegos 0-0: Fly out, F6 (Line Drive, 6M, EV 70.6 MPH)
Batting: RHB Edgar Trejo 0-0: Ground out 4-3 (Groundball, 4M, EV 84.4 MPH)
Batting: RHB Lamar Thornton 0-0: Ball
1-0: Ball
2-0: Ground out 1-3 (Groundball, 15S, EV 65.0 MPH)
Top of the 5th over - 0 runs, 0 hits, 0 errors, 0 left on base; Corpus Christi 3 - Frisco 3
BOTTOM OF THE 5TH
Frisco RoughRiders batting - Pitching for Corpus Christi Hooks : RHP Ricardo Acosta
Batting: LHB Josh Stuck 0-0: Ball
1-0: Foul Ball, location: 2F
1-1: SOLO HOME RUN (Flyball, 89XD, EV 106.2 MPH), Distance : 418 ft
Batting: LHB Jim Pankratz 0-0: Called Strike
0-1: Swinging Strike
0-2: Ball
1-2: Fly out, F4 (Popup, 13S, EV 82.5 MPH)
Batting: RHB Sean Neuroth 0-0: Ball
1-0: Ground out 6-3 (Groundball, 6S, EV 88.8 MPH)
Batting: RHB Danny Weisse 0-0: Fly out, F3 (Popup, 3, EV 78.1 MPH)
Bottom of the 5th over - 1 run, 1 hit, 0 errors, 0 left on base; Corpus Christi 3 - Frisco 4
TOP OF THE 6TH
Corpus Christi Hooks batting - Pitching for Frisco RoughRiders : RHP Tim Martin
Batting: RHB Chris Trites 0-0: Called Strike
0-1: Ball
1-1: Ball
2-1: Swinging Strike
2-2: SINGLE (Line Drive, 34, EV 102.5 MPH)
Batting: RHB Duncan Collins 0-0: Ball
1-0: DOUBLE (Line Drive, 89M, EV 98.8 MPH)
Chris Trites to third
Runner from 3rd tries for Home, SAFE, no throw by RF
Batting: RHB Masaru Konno 0-0: Swinging Strike
0-1: Ball
1-1: Fly out, F7 (Line Drive, 7, EV 89.4 MPH)
Batting: RHB Jesus Malave 0-0: Ball
1-0: Swinging Strike
1-1: Called Strike
1-2: Ground out 6-3 (Groundball, 56, EV 103.1 MPH)
Batting: RHB Alex Campos 0-0: Ball
1-0: Called Strike
1-1: Called Strike
1-2: Foul Ball, location: 2F
1-2: Ball
2-2: Ball
3-2: Strikes out looking
Top of the 6th over - 1 run, 2 hits, 0 errors, 1 left on base; Corpus Christi 4 - Frisco 4
BOTTOM OF THE 6TH
Frisco RoughRiders batting - Pitching for Corpus Christi Hooks : RHP Ricardo Acosta
Batting: RHB Sergio Godinez 0-0: Ball
1-0: Ball
2-0: Ball
3-0: Called Strike
3-1: Fly out, F8 (Flyball, 8LS, EV 86.2 MPH)
Batting: RHB Wally Cangro 0-0: Called Strike
0-1: Single, Error in OF, E8, batter to second base (Line Drive, 8RS, EV 93.1 MPH)
Batting: RHB Jordan Fairburn 0-0: Foul Ball, location: 2F
0-1: Foul Ball, location: 2F
0-2: Ball
1-2: Ball
2-2: Ball
3-2: Strikes out swinging
Batting: RHB Luis Arce 0-0: Ground out 5-3 (Groundball, 56, EV 107.5 MPH)
Bottom of the 6th over - 0 runs, 1 hit, 1 error, 1 left on base; Corpus Christi 4 - Frisco 4
TOP OF THE 7TH
Corpus Christi Hooks batting - Pitching for Frisco RoughRiders : RHP Tim Martin
Batting: RHB John Sabean 0-0: Ball
1-0: SINGLE (Groundball, 6D, EV 104.4 MPH)
Batting: RHB Dave Gallegos 0-0: Foul Ball, location: 2F
0-1: Ball
Wild Pitch!
John Sabean to second
1-1: Ball
2-1: Foul Ball, location: 2F
2-2: Foul Ball, location: 2F
2-2: Strikes out swinging
Batting: RHB Edgar Trejo 0-0: Called Strike
0-1: Ground out 1-5-3 (Groundball, 15S, EV 112.5 MPH)
John Sabean to third
Batting: RHB Lamar Thornton 0-0: Called Strike
0-1: Swinging Strike
0-2: Strikes out looking
Top of the 7th over - 0 runs, 1 hit, 0 errors, 1 left on base; Corpus Christi 4 - Frisco 4
BOTTOM OF THE 7TH
Frisco RoughRiders batting - Pitching for Corpus Christi Hooks : RHP Ricardo Acosta
Batting: LHB Yoshinari Nara 0-0: Fly out, F2 (Popup, 25F, EV 80.6 MPH)
Batting: LHB Josh Stuck 0-0: Called Strike
0-1: Ground out 4-3 (Groundball, 4, EV 76.9 MPH)
Batting: LHB Jim Pankratz 0-0: Called Strike
0-1: Ball
1-1: Ball
2-1: Foul Ball, location: 2F
2-2: Foul Ball, location: 2F
2-2: Foul Ball, location: 2F
2-2: Ball
3-2: Fly out, F8 (Flyball, 8LM, EV 81.9 MPH)
Bottom of the 7th over - 0 runs, 0 hits, 0 errors, 0 left on base; Corpus Christi 4 - Frisco 4
TOP OF THE 8TH
Corpus Christi Hooks batting - Pitching for Frisco RoughRiders : RHP Tim Martin
Batting: RHB Chris Trites 0-0: Ball
1-0: Ball
2-0: Ball
3-0: Base on Balls
Pitching: RHP George Rubio
Batting: RHB Duncan Collins 0-0: Ball
Chris Trites steals 2nd, throwing error, E2
Chris Trites to third
1-0: Swinging Strike
1-1: Swinging Strike
1-2: Foul Ball, location: 2F
1-2: Fly out, F8 (Flyball, 8LD, EV 85.0 MPH)
Runner from 3rd tags up, SCORES, no throw by CF
Batting: RHB Masaru Konno 0-0: Ball
1-0: Foul Ball, location: 2F
1-1: Called Strike
1-2: Strikes out swinging
Batting: RHB Jesus Malave 0-0: Called Strike
0-1: Foul Ball, location: 2F
0-2: Ball
1-2: Foul Ball, location: 2F
1-2: Strikes out swinging
Top of the 8th over - 1 run, 0 hits, 1 error, 0 left on base; Corpus Christi 5 - Frisco 4
BOTTOM OF THE 8TH
Frisco RoughRiders batting - Pitching for Corpus Christi Hooks : RHP Ricardo Acosta
Batting: RHB Sean Neuroth 0-0: Ground out 6-3 (Groundball, 6, EV 80.0 MPH)
Pinch Hitting: LHB Jody Hudson 0-0: SOLO HOME RUN (Flyball, 9D, EV 106.9 MPH), Distance : 412 ft
Batting: RHB Sergio Godinez 0-0: Ball
1-0: Called Strike
1-1: Called Strike
1-2: Ground out U3 (Groundball, 3L, EV 85.0 MPH)
Batting: RHB Wally Cangro 0-0: Ball
1-0: Called Strike
1-1: Called Strike
1-2: Strikes out swinging
Bottom of the 8th over - 1 run, 1 hit, 0 errors, 0 left on base; Corpus Christi 5 - Frisco 5
TOP OF THE 9TH
Corpus Christi Hooks batting - Pitching for Frisco RoughRiders : RHP George Rubio
Now in CF: Seung-ho Zhang
Batting: RHB Alex Campos 0-0: Foul Ball, location: 2F
0-1: Foul Ball, location: 2F
0-2: Ball
1-2: Ball
2-2: Foul Ball, location: 2F
2-2: Strikes out swinging
Batting: RHB John Sabean 0-0: Ball
1-0: Ground out 5-3 (Groundball, 5, EV 101.2 MPH)
Batting: RHB Dave Gallegos 0-0: Ball
1-0: Called Strike
1-1: Ball
2-1: Fly out, F6 (Line Drive, 6, EV 71.2 MPH)
Top of the 9th over - 0 runs, 0 hits, 0 errors, 0 left on base; Corpus Christi 5 - Frisco 5
BOTTOM OF THE 9TH
Frisco RoughRiders batting - Pitching for Corpus Christi Hooks : RHP Ricardo Acosta
Pitching: RHP Bobby Leija
Pinch Hitting: LHB Joseph Martin 0-0: Ball
1-0: Foul Ball, location: 2F
1-1: Foul Ball, location: 2F
1-2: Ball
2-2: Ball
3-2: Foul Ball, location: 2F
3-2: Foul Ball, location: 2F
3-2: Base on Balls
Batting: RHB Luis Arce 0-0: Ball
1-0: Swinging Strike
1-1: Ball
2-1: Swinging Strike
2-2: Strikes out looking
Batting: LHB Yoshinari Nara 0-0: Ball
1-0: Called Strike
1-1: Called Strike
Joseph Martin steals 2nd base
1-2: Foul Ball, location: 2F
1-2: Foul Ball, location: 2F
1-2: Ground out 6-3 (Groundball, 56, EV 85.6 MPH)
Batting: LHB Josh Stuck 0-0: Ball
1-0: SINGLE (Groundball, 6MD, EV 101.2 MPH)
Joseph Martin to third
Runner from 3rd tries for Home, SAFE, throw by CF to home
Bottom of the 9th over - 1 run, 1 hit, 0 errors, 1 left on base; Corpus Christi 5 - Frisco 6
Sunday, July 16th , 2023 - OOTP Baseball 24.6 Build 69